 Dungeon Crawl Stone Soup version 0.29.1-13-g9f3cf754e1 (webtiles) character file.

Game seed: 15956521755681864652

9 protoss039 the Digger (level 2, 17/20 HPs)
             Began as a Demonspawn Earth Elementalist on Feb 9, 2023.
             Got out of the dungeon alive.
             The game lasted 00:00:26 (406 turns).

protoss039 the Digger (DsEE)                         Turns: 406, Time: 00:00:26

Health: 17/20      AC:  2    Str:  8    XL:     2   Next: 6%
Magic:  5/5        EV: 12    Int: 16    God:
Gold:   60         SH:  0    Dex: 13    Spells: 4/5 levels left

rFire   . . .      SeeInvis .   c - +0 club
rCold   . . .      Faith    .   (no shield)
rNeg    . . .      Spirit   .   a - +0 robe
rPois   .          Reflect  .   (helmet restricted)
rElec   .          Harm     .   (no cloak)
rCorr   .          Rampage  .   (no gloves)
Will    .....                   (no boots)
Stlth   ++........              (no amulet)
HPRegen 0.06/turn               (no ring)
MPRegen 0.09/turn               (no ring)

@: no status effects
A: horns 1
a: no special abilities


You escaped.
You visited 1 branch of the dungeon, and saw 1 of its levels.

You collected 60 gold pieces.

Inventory:

Hand Weapons
 c - a +0 club (weapon)
Armour
 a - a +0 robe (worn)
Potions
 b - 2 potions of magic
 d - 2 potions of heal wounds {unknown}


   Skills:
 + Level 0.8 Fighting
 - Level 1.7 Dodging
 - Level 1.7 Stealth
 + Level 2.2 Spellcasting
 - Level 0.8 Transmutations
 + Level 2.9 Earth Magic


You had 4 spell levels left.
You knew the following spells:

 Your Spells              Type           Power      Damage    Failure   Level
a - Sandblast             Erth           22%        2d7       6%          1

Your spell library contained the following spells:

 Spells                   Type           Power      Damage    Failure   Level
 Passwall                 Tmut/Erth      5%         N/A       14%         2
 Stone Arrow              Conj/Erth      12%        3d7       32%         3
 Petrify                  Tmut/Erth      7%         N/A       67%         4


Dungeon Overview and Level Annotations

Branches:
Dungeon (1/15) Zot: 5588

Altars:


Innate Abilities, Weirdness & Mutations

You have a pair of small horns on your head.


Message History

Press: ? - help, Shift-Dir - straight line, f - quokka
Aim: a quokka (heavily wounded, 75% to hit)
The blast of sand hits the quokka.
You kill the quokka!
Unknown command.
HP restored.
b - 2 potions of magic (gained 1)
You see here a ball python corpse.
A kobold comes into view. It is wielding a +0 short sword.
A kobold is nearby!
A kobold is nearby!
A kobold is nearby!
A kobold is nearby!
A rat comes into view.
The kobold shouts!
You closely miss the kobold. The kobold hits you but does no damage.
The kobold misses you.
You hit the kobold but do no damage. The kobold barely misses you.
You hit the rat.
You kill the rat!
The kobold misses you.
You have reached level 2!
Your demonic ancestry asserts itself...
A pair of horns grows on your head!
You hit the kobold but do no damage. Your headbutt misses the kobold.
The kobold hits you with a +0 short sword. x2
Unknown command.
Casting: Sandblast (safe; 6% risk of failure)
Confirm with . or Enter, or press ? or * to list all spells.
Aiming: Sandblast (safe; 6% risk of failure)
Press: ? - help, Shift-Dir - straight line, f - kobold
Aim: a kobold, wielding a +0 short sword (77% to hit)
The blast of sand hits the kobold.
You kill the kobold!
Unknown command.
There is a dry fountain here.
There is an open door here.
There is a staircase leading out of the dungeon here.
Are you sure you want to leave the Dungeon?
This will make you lose the game!
You have escaped!

############ .
#@..#......# ?#
#...#..###.# #.#
###'#....#.#
#..#
#....⌠.#.###..#.
#..#.........#..
+.####.....#...
#..#.......#.#
#....⌠.#.#...###
####
#+#....#.#.....#


There were no monsters in sight!

Vanquished Creatures
  A ball python (D:1)
  2 endoplasms (D:1)
  A quokka (D:1)
  A frilled lizard (D:1)
  2 kobolds (D:1)
  2 rats (D:1)
9 creatures vanquished.

Notes
Turn   | Place    | Note
-------+----------+-------------------------------------------
     0 | D:1      | protoss039 the Demonspawn Earth Elementalist began the
                  | quest for the Orb.
     0 | D:1      | Reached XP level 1. HP: 13/13 MP: 3/3
   372 | D:1      | Gained mutation: You have a pair of small horns on your
                  | head. [demonic ancestry]
   372 | D:1      | Reached XP level 2. HP: 20/20 MP: 5/5
   406 | D:$      | Got out of the dungeon alive.

Illustrated notes

Levels and vault maps discovered:
D:1:      dpeg_arrival_court, layout_rooms,
          chequers_ecumenical_altar_simple_redux

Action                   || total
-------------------------++-------
Melee: Club              ||     5
 Cast: Sandblast         ||     9
Armor: Robe              ||     2
Dodge: Dodged            ||     5
